 Dungeon Crawl Stone Soup version 0.29-a0-1023-g6ae1a4a2c7 (webtiles) character file.

Game seed: 3998889526656513815

24473 RBrandon the Artisan of Death (level 12, 0/91 HPs)
             Began as a Mummy Hedge Wizard on Aug 12, 2022.
             Was a Priest of Kikubaaqudgha.
             Slain by a cane toad (9 damage)
             ... on level 1 of the Lair of Beasts.
             The game lasted 00:57:19 (18855 turns).

RBrandon the Artisan of Death (Mummy Hedge Wizard) Turns: 18855, Time: 00:57:19

Health: 0/91       AC: 13    Str: 14    XL:     12   Next: 81%
Magic:  4/36       EV: 12    Int: 18    God:    Kikubaaqudgha [***...]
Gold:   874        SH:  0    Dex: 11    Spells: 1/34 levels left

rFire   x . .      SeeInvis .   a - +3 demon whip "Embalmer" {drain, *Noise +Blink Fly rN+}
rCold   + . .      Faith    +   (no shield)
rNeg    + + +      Spirit   .   i - +0 swamp dragon scales
rPois   ∞          Reflect  .   f - +0 helmet
rElec   .          Harm     .   x - +0 cloak
rCorr   .          Rampage  .   (no gloves)
Will    +....                   s - +0 pair of boots
Stlth   +.........              B - amulet "Cijeawau" {Faith +Inv Fly rPois Regen+ MP+9}
HPRegen 1.05/turn               v - ring of wizardry
MPRegen 0.25/turn               (no ring)

@: about to teleport, flying
A: cold resistance 1, negative energy resistance 3, torment resistance 2, heat
vulnerability 1, in touch with death 1, no potions
a: Renounce Religion, Evoke Blink, Evoke Invisibility, Unearth Wretches


You were on level 1 of the Lair of Beasts.
You worshipped Kikubaaqudgha.
Kikubaaqudgha was most pleased with you.
You visited 3 branches of the dungeon, and saw 14 of its levels.
You also visited: Bailey and Ice Cave.

You collected 874 gold pieces.

Inventory:

Hand Weapons
 a - the +3 demon whip "Embalmer" (weapon) {drain, *Noise +Blink Fly rN+}
   (You took it off a spriggan in a bailey)

   A truly terrible weapon, it drains the life of any living foe it strikes.
   rN:        It protects you from negative energy.
   Fly:       It grants you flight.
   +Blink:    It lets you blink.
   *Noise:    It may make noises in combat.
 l - the +3 war axe of Yesterday {vorpal, rCorr MP+9 Str+4 Int-2}
   (You found it on level 3 of the Dungeon)

   It inflicts extra damage upon your enemies.
   Str:       It affects your strength (+4).
   Int:       It affects your intelligence (-2).
   MP:        It affects your magic capacity (+9).
   rCorr:     It protects you from acid and corrosion.
Missiles
 g - 5 javelins
 r - 6 throwing nets
Armour
 f - a +0 helmet (worn)
 i - +0 swamp dragon scales (worn)
 m - a +0 troll leather armour
 s - a +0 pair of boots (worn)
 x - a +0 cloak (worn)
 D - +0 gold dragon scales
 F - a +2 hat
Magical Staves
 k - a staff of cold
Jewellery
 c - a ring of protection from cold
 j - a ring of fire
 v - a ring of wizardry (left hand)
 B - the amulet "Cijeawau" (around neck) {Faith +Inv Fly rPois Regen+ MP+9}
   (You found it on level 10 of the Dungeon)

   [amulet of faith]

   It allows you to gain divine favour quickly.
   rPois:     It protects you from poison.
   MP:        It affects your magic capacity (+9).
   +Inv:      It lets you turn invisible.
   Fly:       It grants you flight.
   Regen:     It increases your rate of health regeneration.
Wands
 q - a wand of paralysis (4)
 w - a wand of quicksilver (6)
 z - a wand of flame (30)
 C - a wand of polymorph (1)
Scrolls
 b - a scroll of fear
 d - 3 scrolls of enchant weapon
 e - 2 scrolls of poison
 h - 10 scrolls of identify
 n - 6 scrolls of teleportation
 o - 5 scrolls of immolation
 p - 3 scrolls of vulnerability
 t - a scroll of enchant armour
 y - 3 scrolls of fog
 A - 3 scrolls of blinking
 E - 2 scrolls of summoning
 G - a scroll of acquirement


   Skills:
 - Level 7.4 Fighting
 + Level 7.5 Armour
 + Level 6.8 Dodging
 - Level 1.5 Stealth
 - Level 11.7 Spellcasting
 - Level 2.0 Conjurations
 - Level 1.8 Summonings
 - Level 12.2 Necromancy
 - Level 0.7 Translocations
 - Level 2.2 Air Magic
 - Level 3.1 Earth Magic
 - Level 2.2 Poison Magic


You had one spell level left.
You knew the following spells:

 Your Spells              Type           Power      Damage    Failure   Level
a - Death Channel         Necr           35%        N/A       4%          6
b - Slow                  Hex            40%        N/A       4%          1
c - Blink                 Tloc           26%        N/A       6%          2
d - Call Imp              Summ           17%        N/A       3%          2
e - Mephitic Cloud        Conj/Pois/Air  18%        N/A       6%          3
f - Stone Arrow           Conj/Erth      38%        3d9       5%          3
g - Anguish               Hex/Necr       24%        N/A       4%          4
h - Vampiric Draining     Necr           70%        2d11      1%          3
i - Animate Dead          Necr           70%        N/A       1%          4
j - Borgnjor's Vile Clut  Necr/Erth      27%        N/A       6%          5

Your spell library contained the following spells:

 Spells                   Type           Power      Damage    Failure   Level
 Necrotise                Necr           100%       1d9       1%          1
 Magic Dart               Conj           68%        1d6       2%          1
 Summon Small Mammal      Summ           68%        N/A       2%          1
 Apportation              Tloc           26%        N/A       3%          1
 Dispel Undead            Necr           70%        3d24      1%          4
 Agony                    Necr           70%        N/A       1%          5
 Ensorcelled Hibernation  Hex/Ice        20%        N/A       8%          2
 Conjure Flame            Conj/Fire      14%        6-21      10%         3
 Animate Armour           Summ/Erth      38%        N/A       17%         4
 Simulacrum               Ice/Necr       24%        N/A       50%         6
 Alistair's Intoxication  Tmut/Pois      9%         N/A       61%         5
 Lehudib's Crystal Spear  Conj/Erth      9%         10d4      100%        8
 Spider Form              Tmut/Pois      Unusable   N/A       N/A         3

Dungeon Overview and Level Annotations

Branches:
Dungeon (12/15)            Temple (1/1) D:7            Lair (1/5) D:11
    Orc (0/2) D:9          Bailey (visited)           IceCv (visited)

Altars:
Ashenzari
Cheibriados
Dithmenos
Fedhas
Gozag
Hepliaklqana
Kikubaaqudgha
Makhleb
Okawaru
Qazlal
Ru
Sif Muna
Uskayaw
Vehumet
Wu Jian
Xom
Yredelemnul

Shops:
D:4 (

Annotations:
D:12 1 transporter
Temple 2 transporters


Innate Abilities, Weirdness & Mutations

You are immune to poison.
Your flesh is cold resistant. (rC+)
You are immune to negative energy. (rN+++)
You are immune to unholy pain and torment.
You are vulnerable to heat. (rF-)
You are in touch with the powers of death.
You do not drink.


Message History

Aim: a boulder beetle (severely wounded, 100% to hit)
You feel a surge of power!
Zombie hands grab the boulder beetle.
The zombie hands constrict the boulder beetle, but do no damage.
The cane toad stings you.
The boulder beetle bites you but does no damage.
Aiming: Mindburst
Press: ? - help, Shift-Dir - straight line, f/p - boulder beetle
Aim: a boulder beetle (severely wounded, constricted by zombie hands, chance to affect: 47%)
The boulder beetle's mind is blasted!
The now-empty wand crumbles to dust.
The zombie hands constrict the boulder beetle!
The cane toad stings you but does no damage.
A cane toad comes into view.
The boulder beetle bites you!!
You barely miss the cane toad.
The zombie hands constrict the boulder beetle.
You kill the boulder beetle!
Kikubaaqudgha accepts your kill.
The cane toad gives a loud, deep croak!
The cane toad stings you but does no damage.
The cane toad stings you!
Okay, then.
Okay, then.
As you read the scroll of teleportation, it crumbles to dust.
You feel strangely unstable. The cane toad completely misses you.
You hit the cane toad but do no damage. You drain the cane toad.
Your demon whip "Embalmer" swears noisily.
The cane toad is lightly wounded.
You hear a shout!
The cane toad stings you!
* * * LOW HITPOINT WARNING * * *
The cane toad stings you!
* * * LOW HITPOINT WARNING * * *
The cane toad attacks as you move away! The cane toad stings you!
* * * LOW HITPOINT WARNING * * *
The cane toad stings you!
* * * LOW HITPOINT WARNING * * *
The cane toad stings you!
You die...
Kikubaaqudgha rasps: "You have failed me!
Welcome... oblivion!"

#.........#####...##.##
#.........#.#P..###~~~###
...............##~~~~~~~##
..............##~~~~~~~~~##
..............#~~.~~.~~~~~#
.............##~~..~.~~#.~#
##.......#####~~.....##.#~~#
#.......# #...........~~#
#.......# ##..@...~~...~.#
#........# #~~~FF..~~..~~~~
........## #~~~~..~~~~~~~~.
#.~~~.~~#~~~~~~
#.~~~~~##~~~.~~ #.~~~~~~
~~~~~~ #~~~~$.~~~~~~~~
#~~~...~~~ ... ##~~.......


You could see 2 cane toads.

Vanquished Creatures
  A reaper (IceCv)
  3 boulder beetles (Lair:1)
  A centaur warrior (D:9)
  3 two-headed ogres
  A cyclops (D:12)
  An ice statue (IceCv)
  Joseph (D:6)
  A cane toad (Lair:1)
  2 unseen horrors (D:11)
  2 rime drakes (D:12)
  Maggie (D:10)
  A komodo dragon (D:12)
  2 anaconda simulacra (IceCv)
  4 ice devils (IceCv)
  2 trolls
  5 spriggans (Bailey)
  A shadow (D:10)
  5 yaks (D:10)
  A wyvern (D:11)
  4 dire elephant simulacra (IceCv)
  A basilisk (D:11)
  2 wraiths
  2 harpy simulacra (IceCv)
  Edmund (D:4)
  2 acid dragons
  A hydra simulacrum (IceCv)
  3 orc warriors
  An ice beast (IceCv)
  A black bear (D:5)
  4 centaurs
  3 ogres
  3 kobold brigands (D:9)
  2 bullfrogs (D:8)
  Blork the orc (D:4)
  A gnoll sergeant (D:8)
  3 necrophages
  13 wights
  3 killer bees
  2 howler monkeys (D:7)
  An electric eel (D:9)
  2 hounds
  2 jellies
  3 gnoll boudas
  4 orc priests
  4 iguanas
  11 orc wizards
  Ijyb (D:4)
  A polar bear simulacrum (IceCv)
  A troll simulacrum (IceCv)
  A wolf simulacrum (IceCv)
  Robin (D:2)
  23 gnolls
  A naga simulacrum (IceCv)
  7 adders
  A white imp (D:8)
  A howler monkey simulacrum (D:9)
  An ufetubus (IceCv)
  2 dart slugs
  42 orcs
  4 ball pythons
  2 bats (D:2)
  13 endoplasms
  2 giant cockroaches
  17 goblins
  8 hobgoblins
  12 jackals
  5 quokkas
  2 frilled lizards
  13 kobolds
  5 rats
284 creatures vanquished.

Vanquished Creatures (collateral kills)
  A centaur warrior (D:9)
  A cyclops (D:11)
  An ice statue (IceCv)
  An ice devil (IceCv)
  7 yaks (D:10)
  A basilisk (D:11)
  A hydra simulacrum (IceCv)
  2 orc warriors
  A worm (D:2)
  An orc (D:10)
  2 goblins (D:2)
  2 jackals (D:1)
21 creatures vanquished.

Vanquished Creatures (others)
  2 hydras
  2 boulder beetles (D:11)
  A two-headed ogre (D:9)
  A manticore (D:12)
  A gargoyle (D:12)
  2 rime drakes (IceCv)
  A komodo dragon (D:11)
  A troll (D:11)
  A hydra zombie (D:11)
  2 polar bears (IceCv)
  A wyvern (D:11)
  A water moccasin (D:9)
  2 ice beasts (IceCv)
  2 rime drake zombies (IceCv)
  A wyvern zombie (D:11)
  2 polar bear zombies (IceCv)
  4 yak zombies (D:10)
  A troll zombie (D:9)
  4 killer bees (D:11)
  A basilisk zombie (D:11)
  3 killer bee zombies
  3 ice beast zombies (IceCv)
  An orc zombie (D:9)
  An orc (D:10)
  3 bushes (D:5)
  4 fungi (D:9)
  5 plants (D:9)
53 creatures vanquished.

Grand Total: 358 creatures vanquished

Notes
Turn   | Place    | Note
-------+----------+-------------------------------------------
     0 | D:1      | RBrandon the Mummy Hedge Wizard began the quest for the
                  | Orb.
     0 | D:1      | Reached XP level 1. HP: 13/13 MP: 5/5
    17 | D:1      | Learned a level 1 spell: Slow
   524 | D:1      | Reached XP level 2. HP: 16/19 MP: 1/7
   677 | D:1      | Learned a level 2 spell: Blink
   680 | D:1      | Learned a level 2 spell: Call Imp
   939 | D:1      | Reached skill level 5 in Spellcasting
  1039 | D:1      | Reached skill level 1 in Summonings
  1188 | D:1      | Gained mutation: You are in touch with the powers of death.
                  | [Mummy growth]
  1188 | D:1      | Reached XP level 3. HP: 9/24 MP: 1/9
  2102 | D:2      | Reached skill level 1 in Conjurations
  2232 | D:2      | Found a faded altar of an unknown god.
  2250 | D:2      | Reached XP level 4. HP: 30/30 MP: 4/11
  2343 | D:2      | Found a snail-covered altar of Cheibriados.
  2477 | D:2      | Noticed Robin
  2761 | D:2      | Killed Robin
  3417 | D:3      | Identified the +3 war axe of Yesterday {vorpal, rCorr MP+9
                  | Str+4 Int-2}
  4091 | D:3      | Found a basalt altar of Yredelemnul.
  4501 | D:3      | Found a broken altar of Ashenzari.
  4613 | D:4      | Reached XP level 5. HP: 27/35 MP: 13/13
  4796 | D:4      | Noticed Ijyb
  4802 | D:4      | Learned a level 3 spell: Mephitic Cloud
  4812 | D:4      | Paralysed by Ijyb for 4 turns
  4816 | D:4      | Killed Ijyb
  5732 | D:4      | Reached XP level 6. HP: 37/41 MP: 15/16
  6022 | D:4      | Found Lettin's Firing Range.
  6166 | D:4      | Noticed Blork the orc
  6167 | D:4      | Noticed Edmund
  6224 | D:4      | Killed Edmund
  6241 | D:4      | Killed Blork the orc
  6242 | D:4      | Reached XP level 7. HP: 31/46 MP: 3/19
  6556 | D:5      | Entered Level 5 of the Dungeon
  6601 | D:5      | Found a snail-covered altar of Cheibriados.
  6793 | D:5      | Reached skill level 1 in Air Magic
  6793 | D:5      | Reached skill level 1 in Poison Magic
  8163 | D:6      | Reached XP level 8. HP: 44/58 MP: 14/20
  8268 | D:6      | Paralysed by an orc for 5 turns
  8629 | D:6      | Reached skill level 5 in Fighting
  9075 | D:7      | Noticed Joseph
  9091 | D:6      | Killed Joseph
  9252 | D:7      | Found a shimmering blue altar of Sif Muna.
  9297 | D:7      | Found a shimmering altar of Xom.
  9329 | D:7      | Found a staircase to the Ecumenical Temple.
  9347 | Temple   | Entered the Ecumenical Temple
  9347 | Temple   | Found a transporter.
  9347 | Temple   | Found a transporter.
  9349 | Temple   | Found a transporter.
  9349 | Temple   | Found a transporter.
  9361 | Temple   | Became a worshipper of Kikubaaqudgha
  9418 | D:7      | Reached XP level 9. HP: 67/69 MP: 21/21
 10131 | D:8      | Found a flagged portal.
 10150 | Bailey   | Entered a bailey
 10206 | Bailey   | Reached skill level 5 in Dodging
 10305 | Bailey   | Learned a level 3 spell: Stone Arrow
 10313 | Bailey   | Identified the +3 demon whip "Embalmer" {drain, *Noise
                  | +Blink Fly rN+}
 10323 | Bailey   | Reached skill level 1 in Earth Magic
 10541 | Bailey   | Noticed a two-headed ogre
 10688 | Bailey   | Killed a two-headed ogre
 10697 | Bailey   | Learned a level 4 spell: Anguish
 10902 | D:8      | Reached skill level 1 in Necromancy
 11203 | D:7      | Reached XP level 10. HP: 67/76 MP: 3/25
 11383 | D:8      | Reached skill level 2 in Necromancy
 11875 | D:8      | Reached skill level 3 in Necromancy
 12436 | D:8      | Reached skill level 4 in Necromancy
 12906 | D:9      | Found a staircase to the Orcish Mines.
 12911 | D:9      | Found a stormy altar of Qazlal.
 12919 | D:9      | Found a blossoming altar of Fedhas.
 13608 | D:9      | Noticed an eight-headed hydra
 13752 | D:9      | Reached skill level 5 in Necromancy
 14067 | D:9      | Reached * piety under Kikubaaqudgha
 14067 | D:9      | Received a gift from Kikubaaqudgha
 14072 | D:9      | Learned a level 3 spell: Vampiric Draining
 14077 | D:9      | Learned a level 4 spell: Animate Dead
 14208 | D:9      | Noticed a centaur warrior
 14219 | D:9      | Killed a centaur warrior
 14220 | D:9      | Reached skill level 6 in Necromancy
 14248 | D:9      | Noticed a centaur warrior
 14253 | D:9      | Noticed a two-headed ogre
 14258 | D:9      | Killed a centaur warrior
 14259 | D:9      | Reached skill level 7 in Necromancy
 14262 | D:9      | Killed a two-headed ogre
 14263 | D:9      | Reached skill level 8 in Necromancy
 14442 | D:9      | Killed an eight-headed hydra
 14443 | D:9      | Reached skill level 9 in Necromancy
 14443 | D:9      | Reached XP level 11. HP: 45/81 MP: 2/26
 14923 | D:10     | Entered Level 10 of the Dungeon
 14935 | D:10     | Identified the amulet "Cijeawau" {Faith +Inv Fly rPois
                  | Regen+ MP+9}
 14956 | D:10     | Reached skill level 10 in Necromancy
 15590 | D:10     | Found an ornate altar of the Wu Jian Council.
 15637 | D:10     | Identified a scroll of acquirement
 15643 | D:10     | Reached ** piety under Kikubaaqudgha
 15644 | D:10     | Reached skill level 11 in Necromancy
 15804 | D:10     | Noticed Maggie
 15822 | D:10     | Killed Maggie
 16222 | D:11     | Found a staircase to the Lair.
 16315 | D:11     | Noticed a boulder beetle
 16332 | D:11     | Killed a boulder beetle
 16333 | D:11     | Reached skill level 12 in Necromancy
 16354 | D:11     | Noticed a two-headed ogre
 16359 | D:11     | Killed a two-headed ogre
 16369 | D:11     | Noticed a seven-headed hydra
 16403 | D:11     | Killed a seven-headed hydra
 16640 | D:11     | Noticed a two-headed ogre
 16649 | D:11     | Killed a two-headed ogre
 16744 | D:11     | Reached XP level 12. HP: 75/88 MP: 26/27
 16874 | D:11     | Noticed a boulder beetle
 16884 | D:11     | Killed a boulder beetle
 16885 | D:11     | Reached skill level 5 in Armour
 17261 | D:12     | Found a transporter.
 17261 | D:12     | Noticed a frost giant
 17261 | D:12     | Noticed an ettin
 17450 | D:12     | Found a frozen archway.
 17475 | IceCv    | Entered an ice cave
 17554 | IceCv    | Reached *** piety under Kikubaaqudgha
 17554 | IceCv    | Received a gift from Kikubaaqudgha
 17577 | IceCv    | Learned a level 5 spell: Borgnjor's Vile Clutch
 17638 | IceCv    | Learned a level 6 spell: Death Channel
 18232 | IceCv    | Noticed a reaper
 18245 | IceCv    | Killed a reaper
 18633 | Lair:1   | Entered Level 1 of the Lair of Beasts
 18715 | Lair:1   | Noticed a boulder beetle
 18715 | Lair:1   | Noticed a boulder beetle
 18723 | Lair:1   | Killed a boulder beetle
 18726 | Lair:1   | Killed a boulder beetle
 18839 | Lair:1   | Noticed a boulder beetle
 18852 | Lair:1   | Killed a boulder beetle
 18855 | Lair:1   | Slain by a cane toad

Illustrated notes

Levels and vault maps discovered:
D:1:      kennysheep_arrival_forest, layout_basic
D:2:      layout_basic, nicolae_ecumenical_snake_handling, basic_altar,
          uniq_robin
D:3:      layout_basic, general_overflow_altar, nicolae_ashenzari_skybound
D:4:      layout_basic, corexii_item_surrounded_by_moat,
          minmay_misc_feat_encased, nicolae_shop_firing_range, uniq_edmund,
          uniq_blork_the_orc, uniq_ijyb
D:5:      layout_basic, kennysheep_little_box, minmay_hedge_maze,
          kennysheep_generic_room_6
D:6:      layout_rooms, st_stairs_1, minivault_24
D:7:      layout_rooms, mainiacjoe_overflow_alcove_2,
          chequers_temple_overflow_statue_of_worship, temple_fountains,
          grunt_decor_junction, moated_statue, uniq_joseph
D:8:      layout_layer_cave, enter_bailey_3, minmay_large_rounded_square,
          kennysheep_crisscross
D:9:      nzn_winding_woodlands_small [nzn_winding_woodlands_5x15_crooked,
          nzn_winding_woodlands_center_pierced_h,
          nzn_winding_woodlands_5x15_river_crossing], layout_layer_cave,
          grunt_temple_overflow_forces_of_nature, orc_0_dummy
D:10:     layout_cave_pools, nicolae_wu_jian_immortal_techniques, uniq_maggie
D:11:     layout_rooms, erik_lair_dragon, minmay_starry_boxes
D:12:     gammafunk_sealed_arena, layout_loops_ring, portal_ice_cave_rime,
          vehumet_statue
Temple:   hellmonk_temple_divided_pantheon
Lair:1:   layout_hall_layers, hellmonk_guarded_unrand_seven_league_boots,
          grunt_megastairs_4, uniq_nergalle

Skill      XL: |  1  2  3  4  5  6  7  8  9 10 11 12 |
---------------+-------------------------------------+-----
Spellcasting   | 5 7 8 11 | 11.7
Summonings     | 1 |  1.8
Conjurations   | 1 2 |  2.0
Air Magic      | 2 |  2.2
Poison Magic   | 2 |  2.2
Fighting       | 3 6 7 |  7.4
Dodging        | 4 5 6 |  6.8
Earth Magic    | 3 |  3.1
Necromancy     | 1 9 12 | 12.2
Armour         | 4 7 |  7.5
Stealth        | |  1.5
Translocations | |  0.7

Action                   |  1- 3 |  4- 6 |  7- 9 | 10-12 || total
-------------------------+-------+-------+-------+-------++-------
Melee: Dagger            |    24 |       |    17 |       ||    41
       Spear             |    26 |    13 |       |       ||    39
       War axe           |       |    53 |   162 |       ||   215
       Punch             |       |       |     2 |     5 ||     7
       Demon whip        |       |       |     4 |   299 ||   303
 Fire: Shortbow          |       |       |     4 |       ||     4
 Cast: Magic Dart        |    96 |   164 |   114 |       ||   374
       Call Imp          |     9 |     2 |     2 |     3 ||    16
       Blink             |     1 |       |       |       ||     1
       Slow              |       |     2 |     9 |       ||    11
       Mephitic Cloud    |       |     8 |    30 |     7 ||    45
       Stone Arrow       |       |       |    20 |    94 ||   114
       Anguish           |       |       |       |    32 ||    32
       Vampiric Draining |       |       |       |    31 ||    31
       Animate Dead      |       |       |       |     6 ||     6
       Borgnjor's Vile C |       |       |       |    33 ||    33
       Death Channel     |       |       |       |     1 ||     1
Invok: Unearth Wretches  |       |       |       |     2 ||     2
Evoke: Wand              |       |       |     8 |     2 ||    10
  Use: Scroll            |       |       |    11 |    10 ||    21
 Stab: Sleeping          |     1 |       |       |       ||     1
       Confused          |       |     1 |     7 |     2 ||    10
       Paralysed         |       |       |       |     9 ||     9
       Distracted        |       |       |       |     2 ||     2
Armor: Robe              |    14 |    18 |     7 |       ||    39
       Ring mail         |       |       |    83 |       ||    83
       Leather armour    |       |       |     3 |       ||     3
       Acid dragon scale |       |       |     3 |    94 ||    97
       Swamp dragon scal |       |       |       |   109 ||   109
Dodge: Dodged            |    39 |    73 |   144 |   280 ||   536

Table legend: (Time is in decaauts)
 A = Elapsed time spent in this place.
 B = Non-inter-level travel time spent in this place.
 C = Inter-level travel time spent in this place.
 D = Time resting spent in this place.
 E = Time spent auto-exploring this place.
 F = Levels seen in this place.
 G = Mean time per level.
                   A        B        C        D        E       F      G
               +--------+--------+--------+--------+--------+-----+--------+
         Total |  19011 |  18388 |    623 |   5612 |   8392 |  16 | 1188.2 |
       Dungeon |  17019 |  16406 |    613 |   4763 |   8050 |  12 | 1418.2 |
        Temple |     28 |     19 |      9 |      0 |      0 |   1 |   28.0 |
          Lair |    222 |    222 |      0 |    144 |     31 |   1 |  222.0 |
        Bailey |    732 |    732 |      0 |    371 |      4 |   1 |  732.0 |
      Ice Cave |   1008 |   1008 |      0 |    334 |    307 |   1 | 1008.0 |
               +--------+--------+--------+--------+--------+-----+--------+

Top non-repeatable levels by time:
     D:9: 2050 daAuts
     D:4: 1987 daAuts
     D:1: 1901 daAuts
     D:8: 1667 daAuts
     D:2: 1493 daAuts
     D:5: 1474 daAuts
     D:6: 1384 daAuts
    D:11: 1302 daAuts
     D:3: 1204 daAuts
     D:7: 1135 daAuts
    D:10: 1034 daAuts
   IceCv: 1008 daAuts
  Bailey: 732 daAuts
    D:12: 382 daAuts
  Lair:1: 222 daAuts

Table legend:
 A = Kills in this place as a percentage of kills in entire the game.
 B = Kills by you in this place as a percentage of kills by you in the entire game.
 C = Kills by friends in this place as a percentage of kills by friends in the entire game.
 D = Other kills in this place as a percentage of other kills in the entire game.
 E = Experience gained in this place as a percentage of experience gained in the entire game.
 F = Experience gained in this place divided by the number of levels of this place that you have seen.
                   A       B       C       D       E      F
               +-------+-------+-------+-------+-------+----------------------
         Total | 100.0 | 100.0 | 100.0 | 100.0 | 100.0 | 2185.1
       Dungeon |  88.8 |  88.0 |  85.7 | 100.0 |  67.3 | 1962.2
          Lair |   1.2 |   1.4 |   0.0 |   0.0 |   8.5 | 2982.0
        Bailey |   2.8 |   3.3 |   0.0 |   0.0 |   6.6 | 2319.0
      Ice Cave |   7.2 |   7.2 |  14.3 |   0.0 |  17.5 | 6115.0
               +-------+-------+-------+-------+-------+----------------------
